 Dungeon Crawl Stone Soup version 0.26-a0-579-g3afe4966bf (webtiles) character file.

Game seed: 16134220923352827739

102 Isi the Firebug (level 4, -3/30 HPs)
             Began as a Demonspawn Fire Elementalist on Aug 23, 2020.
             Slain by an ooze (5 damage)
             ... on level 2 of the Dungeon.
             The game lasted 00:15:54 (4438 turns).

Isi the Firebug (Demonspawn Fire Elementalist)      Turns: 4438, Time: 00:15:55

Health: -3/30      AC:  6    Str:  8    XL:     4   Next: 50%
Magic:  0/7        EV: 12    Int: 17    God:
Gold:   154        SH:  0    Dex: 14    Spells: 4/8 levels left

rFire    . . .     SeeInvis .   d - +0 short sword
rCold    . . .     Faith    .   (no shield)
rNeg     . . .     Spirit   .   c - +0 robe
rPois    .         Reflect  .   (no helmet)
rElec    .         Harm     .   (no cloak)
rCorr    .                      e - +0 pair of gloves
MR       .....                  (no boots)
Stlth    ++........             (no amulet)
HPRegen  0.10/turn              (no ring)
MPRegen  0.10/turn              (no ring)

@: very slightly contaminated, invisible
A: yellow scales 1, shaggy fur 1, subdued magic 1
a: no special abilities


You were on level 2 of the Dungeon.
You visited 1 branch of the dungeon, and saw 2 of its levels.

You collected 154 gold pieces.

Inventory:

Hand Weapons
 d - a +0 short sword (weapon)
Armour
 a - a +0 robe
 c - a +0 robe (worn)
 e - a +0 pair of gloves (worn)
Wands
 g - a wand of enslavement (1)
Scrolls
 b - a scroll of magic mapping
Potions
 f - a potion of brilliance


   Skills:
 + Level 0.3 Fighting
 + Level 0.4 Short Blades
 + Level 2.0 Dodging
 + Level 1.9 Stealth
 + Level 1.1 Unarmed Combat
 + Level 2.6 Spellcasting
 + Level 1.8 Conjurations
 + Level 3.5 Fire Magic


You had 4 spell levels left.
You knew the following spells:

 Your Spells              Type           Power        Failure   Level
a - Foxfire               Conj/Fire      #...         4%          1
b - Conjure Flame         Conj/Fire      #.......     16%         3

Your spell library contained the following spells:

 Spells                   Type           Power        Failure   Level
 Inner Flame              Hex/Fire       #.......     22%         3
 Sticky Flame             Conj/Fire      #.......     47%         4
 Fireball                 Conj/Fire      #.........   83%         5


Dungeon Overview and Level Annotations

Branches:
Dungeon (2/15)

Altars:
Ashenzari


Innate Abilities, Weirdness & Mutations

You are partially covered in yellow scales. (AC +2)
You are covered in fur. (AC +1)
Your spells are a little easier to cast, but a little less powerful.


Message History

Confirm with . or Enter, or press ? or * to list all spells.
You don't have enough magic to cast that spell.
Casting: Foxfire (safe; 4% risk of failure)
Confirm with . or Enter, or press ? or * to list all spells.
You conjure some foxfire!
The ooze closely misses you.
Your foxfire dissipates!
The ooze hits you.
* * * LOW HITPOINT WARNING * * *
The ooze hits you but does no damage.
You are no longer corroded.
You fade into invisibility!
You are very lightly contaminated with residual magic.
The ooze hits you.
* * * LOW HITPOINT WARNING * * *
You see here a stone.
Okay, then.
Casting: Foxfire (safe; 4% risk of failure)
Confirm with . or Enter, or press ? or * to list all spells.
You conjure some foxfire!
The ooze hits you.
You die...

#.# #.# ##.## #.# #.# #.# #.# #.#
#.# #.# #.# ##+## #.### #.#
##...## ....# ##.### ##.....##
#...# ##)...# ##.....(.##
#...#########.#.v.####..().....##
................@....'((.).....'.
#.....#########vJ.####(........##
##..#.# ##.## ##...<...## ###.#.#
#J# ##.....## ###.#.# #.# ##...##
....#.# #.# ##'## #####.# #.#
######.## #.# #####.#
#.......##### #####.# #.....#
#.####.รท....#


You could see a jelly and an ooze.

Vanquished Creatures
  3 adders (D:2)
  8 oozes (D:2)
  2 ball pythons (D:2)
  5 bats (D:2)
  5 giant cockroaches (D:1)
  4 goblins (D:2)
  A frilled lizard (D:1)
  13 kobolds
  4 rats
45 creatures vanquished.

Vanquished Creatures (others)
  174 foxfires
  3 fungi (D:2)
  7 toadstools (D:2)
184 creatures vanquished.

Grand Total: 229 creatures vanquished

Notes
Turn   | Place    | Note
-------+----------+-------------------------------------------
     0 | D:1      | Isi the Demonspawn Fire Elementalist began the quest for
                  | the Orb.
     0 | D:1      | Reached XP level 1. HP: 13/13 MP: 3/3
   344 | D:1      | Reached skill level 3 in Fire Magic
   623 | D:1      | Gained mutation: You are partially covered in yellow
                  | scales. (AC +2) [demonic ancestry]
   623 | D:1      | Reached XP level 2. HP: 19/19 MP: 0/5
  1341 | D:2      | Reached skill level 1 in Unarmed Combat
  2034 | D:2      | Reached XP level 3. HP: 10/24 MP: 0/6
  3290 | D:2      | Gained mutation: Your spells are a little easier to cast,
                  | but a little less powerful. [potion of mutation]
  3290 | D:2      | Gained mutation: You are covered in fur. (AC +1) [potion of
                  | mutation]
  3298 | D:2      | Found a shattered altar of Ashenzari.
  3433 | D:2      | Reached XP level 4. HP: 30/30 MP: 3/7
  3442 | D:2      | Learned a level 3 spell: Conjure Flame
  4438 | D:2      | Slain by an ooze

Illustrated notes

Levels and vault maps discovered:
D:1:      psy_arrival_conway, layout_loops_ring, minmay_worlds_worst_comb
D:2:      cheibrodos_fertilizer, layout_loops_corners, evilmike_ruin_ashenzari

Skill      XL: |  1  2  3  4 |
---------------+-------------+-----
Fire Magic     | 3 |  3.5
Unarmed Combat | 1 |  1.1
Dodging        | 2 |  2.0
Fighting       | |  0.3
Short Blades   | |  0.4
Stealth        | |  1.9
Spellcasting   | |  2.6
Conjurations   | |  1.8

Action                   |  1- 3 |  4- 6 || total
-------------------------+-------+-------++-------
Melee: Unarmed           |    28 |       ||    28
       Short sword       |    13 |    17 ||    30
 Cast: Foxfire           |    86 |    37 ||   123
       Conjure Flame     |       |     2 ||     2
  Use: Potion            |     5 |     2 ||     7
       Scroll            |     4 |     1 ||     5
Armor: Robe              |    28 |    18 ||    46
       Skin              |     6 |       ||     6
Dodge: Dodged            |    74 |    37 ||   111

Table legend: (Time is in decaauts)
 A = Elapsed time spent in this place.
 B = Non-inter-level travel time spent in this place.
 C = Inter-level travel time spent in this place.
 D = Time resting spent in this place.
 E = Time spent auto-exploring this place.
 F = Levels seen in this place.
 G = Mean time per level.
                   A        B        C        D        E       F      G
               +--------+--------+--------+--------+--------+-----+--------+
         Total |   4445 |   4296 |    149 |   2133 |   1592 |   2 | 2222.5 |
       Dungeon |   4445 |   4296 |    149 |   2133 |   1592 |   2 | 2222.5 |
               +--------+--------+--------+--------+--------+-----+--------+

Top non-repeatable levels by time:
     D:2: 3149 daAuts
     D:1: 1296 daAuts
